 Dungeon Crawl Stone Soup version 0.30-a0-341-g682706514a (webtiles) character file.

Game seed: 1191678952492531738

95 p00ps00p the Trooper (level 4, -1/40 HPs)
             Began as a Draconian Fighter on Nov 2, 2022.
             Constricted to death by Ijyb (6 damage)
             ... on level 3 of the Dungeon.
             The game lasted 00:04:15 (1731 turns).

p00ps00p the Trooper (Draconian Fighter)            Turns: 1731, Time: 00:04:16

Health: -1/40      AC:  6    Str: 19    XL:     4   Next: 40%
Magic:  4/4        EV:  9    Int:  8    God:
Gold:   87         SH:  4    Dex: 12    Spells: 3/3 levels left

rFire   . . .      SeeInvis .    a - +0 war axe
rCold   . . .      Faith    .    b - +0 buckler
rNeg    . . .      Spirit   .    (body armour unavailable)
rPois   .          Reflect  .    (helmet restricted)
rElec   .          Harm     .    (no cloak)
rCorr   .          Rampage  .    f - +0 pair of gloves
Will    +....                    (no boots)
Stlth   +.........               l - amulet of regeneration
HPRegen 1.06/turn                k - ring of willpower
MPRegen 0.09/turn                (no ring)

@: grasped by roots, constricted
A: AC +5, unfitting armour, cold-blooded
a: no special abilities


You were on level 3 of the Dungeon.
You visited 1 branch of the dungeon, and saw 3 of its levels.

You collected 87 gold pieces.

Inventory:

Hand Weapons
 a - a +0 war axe (weapon)
Armour
 b - a +0 buckler (worn)
 f - a +0 pair of gloves (worn)
Jewellery
 k - a ring of willpower (left hand)
 l - an amulet of regeneration (around neck)
 o - a ring of protection from fire
Scrolls
 g - 2 scrolls of identify {unknown}
 j - a scroll of fear {unknown}
 q - a scroll of poison {unknown}
Potions
 c - a potion of might
 d - a potion of cancellation {unknown}
 e - a potion of lignification {unknown}
 h - a potion of heal wounds {unknown}
 i - a potion of degeneration {unknown}
 m - 3 potions of curing {unknown}
 n - a potion of ambrosia {unknown}
 p - a potion of brilliance {unknown}
 r - a potion of mutation {unknown}


   Skills:
 + Level 4.0 Fighting
 + Level 2.8 Axes
 + Level 3.4 Dodging
 + Level 3.6 Shields


You had 3 spell levels left.
You didn't know any spells.
Your spell library contained the following spells:

 Spells                   Type           Power      Damage    Failure   Level
 Gell's Gravitas          Tloc           0%         N/A       86%         3
 Hailstorm                Conj/Ice       0%         3d3       86%         3
 Lesser Beckoning         Tloc           0%         N/A       86%         3
 Teleport Other           Tloc           0%         N/A       86%         3
 Ice Form                 Ice/Tmut       0%         N/A       99%         4
 Simulacrum               Ice/Necr       0%         N/A       100%        6


Dungeon Overview and Level Annotations

Branches:
Dungeon (3/15)

Altars:
Qazlal

Annotations:
D:3 Ijyb


Innate Abilities, Weirdness & Mutations

Your plain brown scales are hard. (AC +5)
You cannot fit into any form of body armour.
You are cold-blooded and may be slowed by cold attacks.


Message History

You block Ijyb's attack. The grasping roots constrict you.
The quokka closely misses you.
The grasping roots release their grip on you.
You barely miss Ijyb.
Ijyb is almost dead.
You hit the quokka. The quokka closely misses you.
Ijyb hits you but does no damage.
You hit Ijyb but do no damage.
Ijyb is almost dead.
You hit the quokka. The quokka bites you. Ijyb closely misses you.
You block the quokka's attack.
Ijyb zaps a wand.
The roots erupt in riotous growth!
The grasping roots grab you!
The quokka is unaffected.
Ijyb is unaffected.
The grasping roots constrict you.
You hit Ijyb but do no damage.
Ijyb is almost dead.
You slash the quokka!
You kill the quokka!
Ijyb closely misses you. The grasping roots constrict you.
The grasping roots release their grip on you.
You hit Ijyb.
Ijyb is almost dead.
Ijyb zaps a wand.
The roots erupt in riotous growth!
The grasping roots grab you!
Ijyb is unaffected.
The grasping roots constrict you. You block Ijyb's attack.
The grasping roots constrict you.
You barely miss Ijyb.
Ijyb is almost dead.
Ijyb hits you but does no damage. The grasping roots constrict you.
* * * LOW HITPOINT WARNING * * *
You hit Ijyb but do no damage.
Ijyb is almost dead.
Ijyb hits you with a +0 dagger.
* * * LOW HITPOINT WARNING * * *
The grasping roots constrict you.
* * * LOW HITPOINT WARNING * * *
Ijyb hits you with a +0 dagger.
* * * LOW HITPOINT WARNING * * *
The grasping roots constrict you.
You die... #..####.####....##.PPPP..PP. #..#..#..#8#.#####.......PP #..#..'..#....# #.......PP #..#8.#..#....# #..PPPPPP

#..#########..#
#..PPP ####
#....######...
#............
#.......##.#.
#...@...#
#...g...#
#.......#
#.......#
#.......#
#.......#
#########


You could see Ijyb.

Vanquished Creatures
  3 adders
  A worm (D:2)
  An orc (D:3)
  6 ball pythons
  7 endoplasms
  4 giant cockroaches
  3 goblins
  4 hobgoblins
  8 jackals
  3 kobolds (D:1)
  4 quokkas
  4 bats
  4 frilled lizards
  7 rats
59 creatures vanquished.

Notes
Turn   | Place    | Note
-------+----------+-------------------------------------------
     0 | D:1      | p00ps00p the Draconian Fighter began the quest for the Orb.
     0 | D:1      | Reached XP level 1. HP: 19/19 MP: 1/1
    56 | D:1      | Reached XP level 2. HP: 15/26 MP: 2/2
   397 | D:1      | Reached XP level 3. HP: 31/31 MP: 3/3
  1037 | D:2      | Reached XP level 4. HP: 40/40 MP: 4/4
  1445 | D:2      | Found a stormy altar of Qazlal.
  1549 | D:3      | Reached skill level 4 in Fighting
  1571 | D:3      | Found a stormy altar of Qazlal.
  1689 | D:3      | Found a faded altar of an unknown god.
  1715 | D:3      | Noticed Ijyb
  1731 | D:3      | Constricted to death by Ijyb

Illustrated notes

Levels and vault maps discovered:
D:1:      lightli_arrival_lavapool, layout_rooms
D:2:      minmay_wonky_spiral, layout_basic, basic_altar
D:3:      gammafunk_steamed_eel, layout_basic, mainiacjoe_overflow_chevrons,
          nicolae_overflow_ecumenical_swirl,
          shapermc_ecumenical_altar_mp_vishouse, uniq_ijyb, uniq_natasha,
          uniq_jessica

Skill      XL: |  1  2  3  4 |
---------------+-------------+-----
Dodging        | 3 |  3.4
Fighting       | 4 |  4.0
Axes           | |  2.8
Shields        | |  3.6

Action                   |  1- 3 |  4- 6 || total
-------------------------+-------+-------++-------
Melee: War axe           |    99 |    60 ||   159
       Tailslap          |     6 |     9 ||    15
  Use: Scroll            |     2 |       ||     2
 Stab: Sleeping          |     1 |       ||     1
Armor: Skin              |    49 |    21 ||    70
Dodge: Dodged            |   104 |    40 ||   144
Block: Buckler           |    46 |    11 ||    57

Table legend: (Time is in decaauts)
 A = Elapsed time spent in this place.
 B = Non-inter-level travel time spent in this place.
 C = Inter-level travel time spent in this place.
 D = Time resting spent in this place.
 E = Time spent auto-exploring this place.
 F = Levels seen in this place.
 G = Mean time per level.
                   A        B        C        D        E       F      G
               +--------+--------+--------+--------+--------+-----+--------+
         Total |   1797 |   1768 |     29 |     42 |   1197 |   3 |  599.0 |
       Dungeon |   1797 |   1768 |     29 |     42 |   1197 |   3 |  599.0 |
               +--------+--------+--------+--------+--------+-----+--------+

Top non-repeatable levels by time:
     D:2: 886 daAuts
     D:1: 632 daAuts
     D:3: 279 daAuts
